cohdb
Replays
Latest Replays
All Replays
Popular Replays
Top Player Replays
Match Explorer
How It Works
Community
CoH3 Stats
Reddit
Sign in to upload your games and track your stats! →
Sign in with Steam
3 Tigers, 3 Shots
Match 32682517
Overview
Messages
Build Orders
End
Panzergrenadier Squad
250 Light Carrier
Panzergrenadier Squad
Construct Light Support Kompanie
Assault Grenadier Squad
2.5-tonne Medical Truck
Fire Support Elements
MG34 Team
Panzerjäger Mechanized Group
Flakvierling Half-track
Selects Armored Support Battlegroup
Selects Salvage Kits
Selects Panzer Storm
Veteran Squad Leaders
le.IG 18 Support Gun Team
Construct Panzerarmee Kommand
Panzer III L Medium Tank
Emergency Repair Kits
Selects Stuka Anti-tank Loiter
Selects Veteran Gunners
Panzer III L Medium Tank
Vehicle Survival Package
Armored Reserves
Rapid Advance
Stuka Anti-tank Loiter
Panzer IV Assault Group
Flakvierling Half-track
Selects Flammpanzer III Medium Tank
Selects Battlefield Salvage
Tungsten Core Ammunition
Panzer Storm
Tiger Heavy Tank
Assault Grenadier Squad
Panzer III L Medium Tank
BamboneWertherone ITA
FLOKL
*Mule
FeriG
0
0
Comments
sign in to comment!
No comments posted yet!